 Dungeon Crawl Stone Soup version 0.23.2-1-ga50397a6bc (webtiles) character file.

Game seed: 17961830903162116221

3342 Peloso the Carver (level 9, -8/75 HPs)
             Began as a Minotaur Fighter on June 1, 2019.
             Was an Elder of Okawaru.
             Mangled by a white ugly thing (35 damage)
             ... on level 9 of the Dungeon.
             The game lasted 00:13:35 (6170 turns).

Peloso the Carver (Minotaur Fighter)                Turns: 6170, Time: 00:13:36

Health: -8/75      AC: 12    Str: 23    XL:     9   Next: 72%
Magic:  7/8        EV: 11    Int:  5    God:    Okawaru [****..]
Gold:   419        SH: 13    Dex: 11    Spells: 8/8 levels left

rFire    . . .     SeeInvis +   a - +0 long sword
rCold    . . .     Gourm    .   c - +1 shield
rNeg     + . .     Faith    .   w - +5 scale mail "Ufoqovic" {+Fly SInv Stlth+}
rPois    .         Spirit   .   (helmet restricted)
rElec    .         Reflect  .   (no cloak)
rCorr    .         Harm     .   (no gloves)
MR       .....                  (no boots)
Stlth    +.........             (no amulet)
HPRegen  0.22/turn              m - ring of flight
MPRegen  0.11/turn              x - ring of positive energy

@: no status effects
A: retaliatory headbutt, horns 2
a: Heroism, Renounce Religion, Evoke Flight


You were on level 9 of the Dungeon.
You worshipped Okawaru.
Okawaru was greatly pleased with you.
You were not hungry.

You visited 1 branch of the dungeon, and saw 9 of its levels.

You collected 419 gold pieces.

Inventory:

Hand Weapons
 a - a +0 long sword (weapon)
Armour
 b - a +0 scale mail
 c - a +1 shield (worn)
 w - the +5 scale mail "Ufoqovic" (worn) {+Fly SInv Stlth+}
   (You found it on level 6 of the Dungeon)

   It lets you see invisible.
   It lets you fly.
   It makes you more stealthy.
Jewellery
 m - a ring of flight (left hand)
 p - an uncursed ring of magical power
 x - a ring of positive energy (right hand)
Wands
 r - a wand of flame (25)
 s - a wand of scattershot (6)
 t - a wand of iceblast (11)
 B - a wand of paralysis (7)
Scrolls
 e - 12 scrolls of identify {unknown}
 g - 5 scrolls of teleportation
 h - 2 scrolls of fear {unknown}
 k - 2 scrolls of remove curse {unknown}
 o - 3 scrolls of enchant armour
 u - 2 scrolls of random uselessness {unknown}
 y - 2 scrolls of amnesia {unknown}
 z - a scroll of blinking {unknown}
 A - a scroll of enchant weapon {unknown}
 D - a scroll of holy word {unknown}
 E - a scroll of torment {unknown}
Potions
 d - 3 potions of might
 i - 2 potions of haste {unknown}
 j - a potion of brilliance {unknown}
 l - 3 potions of curing {unknown}
 n - a potion of flight {unknown}
 q - a potion of magic {unknown}
 v - 3 potions of degeneration {unknown}
 C - 3 potions of berserk rage {unknown}
 F - a potion of heal wounds {unknown}
Comestibles
 f - 18 rations
 G - a chunk of flesh


   Skills:
 + Level 6.3 Fighting
 + Level 10.2 Long Blades
 + Level 7.3 Armour
 + Level 4.3 Dodging
 + Level 1.2 Stealth
 + Level 9.5 Shields
 + Level 0.2 Invocations


You had 8 spell levels left.
You didn't know any spells.
Your spell library contained the following spells:

 Spells                   Type           Power        Failure   Level  Hunger
 Animate Skeleton         Necr           N/A          94%         1    ##.....
 Pain                     Necr           #...         94%         1    ##.....
 Regeneration             Chrm/Necr      #.........   100%        3    ####...
 Vampiric Draining        Necr           #.........   100%        3    ####...
 Animate Dead             Necr           N/A          100%        4    #####..


Dungeon Overview and Level Annotations

Branches:
Dungeon (8/15)             Temple (0/1) D:5
   Lair: D:8-11

Altars:
Ashenzari
Fedhas
Gozag
Okawaru
Wu Jian
Xom
Zin
The Shining One

Shops:
D:8 }

Annotations:
D:4 1 runed translucent door, TheAraber's ghost, amateur TeAE
D:7 2 transporters, zuik's ghost, novice MfGl


Innate Abilities, Weirdness & Mutations

You reflexively headbutt those who attack you in melee.
You have a pair of horns on your head.


Message History

The white ugly thing is heavily wounded.
You feel like a meek peon again.
You slash the white ugly thing!
The white ugly thing is severely wounded.
The white ugly thing bites you. The white ugly thing freezes you!!
You closely miss the white ugly thing. You headbutt the white ugly thing!
The white ugly thing is almost dead.
You block the white ugly thing's attack.
You closely miss the white ugly thing.
The white ugly thing is almost dead.
You block the white ugly thing's attack.
You slash the white ugly thing!
The white ugly thing is almost dead.
The white ugly thing barely misses you. You furiously retaliate!
You headbutt the white ugly thing, but do no damage.
You barely miss the white ugly thing.
Your headbutt misses the white ugly thing.
The white ugly thing is almost dead.
The white ugly thing bites you. The white ugly thing freezes you!!
You die...

..# #..# #...# ..#
#..# #... ..# #..#
#..# ..######..#
#..#H..... ..........#
#..#uY...
..#####...#####..#....
<.# #..........#.c.#
..# #..........#...#
..# #...######@#...#
..# #...# #u#...# ..#
#...# #Y'...# ..#
#...# #.##### #...#
#.# #... #.# #.# #>#
#.#


You could see a white ugly thing and a yak.

Vanquished Creatures
  A yaktaur (shapeshifter) (D:9)
  Grinder (D:5)
  A hippogriff (D:9)
  A spriggan (D:8)
  A vampire (D:9)
  Sigmund (D:6)
  A wyvern (D:8)
  Menkaure (D:5)
  An ice beast (D:7)
  A necrophage (D:8)
  A phantom (D:4)
  5 ogres
  A crocodile (D:9)
  3 bullfrogs
  A gnoll sergeant (D:5)
  A wyvern skeleton (D:6)
  A howler monkey (D:7)
  A centaur zombie (D:9)
  A crimson imp (D:7)
  3 hounds
  A bullfrog skeleton (D:7)
  A bullfrog zombie (D:5)
  A jelly (D:7)
  3 orc priests
  3 orc wizards
  A centaur skeleton (D:7)
  An iguana (D:4)
  5 worker ants
  A hound skeleton (D:9)
  8 gnolls
  7 adders
  A shadow imp (D:7)
  An adder skeleton (D:7)
  3 worms
  3 dart slugs
  6 leopard geckos
  22 orcs
  11 giant cockroaches
  12 goblins
  7 hobgoblins
  3 jackals (D:4)
  5 quokkas
  3 ball pythons
  5 bats
  6 frilled lizards
  A jackal skeleton (D:4)
  11 kobolds
  A quokka skeleton (D:4)
  7 rats
168 creatures vanquished.

Notes
Turn   | Place    | Note
-------+----------+-------------------------------------------
     0 | D:1      | Peloso the Minotaur Fighter began the quest for the Orb.
     0 | D:1      | Reached XP level 1. HP: 19/19 MP: 0/0
   400 | D:1      | Reached XP level 2. HP: 27/27 MP: 1/1
   772 | D:2      | Reached XP level 3. HP: 33/33 MP: 2/2
   968 | D:2      | Reached skill level 3 in Long Blades
  1247 | D:2      | Found an iron altar of Okawaru.
  1280 | D:2      | Reached XP level 4. HP: 29/40 MP: 3/3
  1305 | D:2      | Became a worshipper of Warmaster Okawaru
  1599 | D:3      | Reached skill level 4 in Long Blades
  1673 | D:3      | You fall through a shaft for 3 floors!
  1740 | D:6      | Reached skill level 5 in Shields
  1740 | D:6      | Reached XP level 5. HP: 19/46 MP: 4/4
  2097 | D:6      | Found a shimmering altar of Xom.
  2098 | D:6      | Found a shimmering altar of Xom.
  2101 | D:6      | Found a shimmering altar of Xom.
  2102 | D:6      | Found a shimmering altar of Xom.
  2102 | D:6      | Found a shimmering altar of Xom.
  2102 | D:6      | Found a shimmering altar of Xom.
  2103 | D:6      | Found a shimmering altar of Xom.
  2103 | D:6      | Found a shimmering altar of Xom.
  2103 | D:6      | Found a shimmering altar of Xom.
  2320 | D:6      | Found a shattered altar of Ashenzari.
  2433 | D:6      | Noticed Sigmund
  2659 | D:6      | Reached * piety under Okawaru
  2734 | D:6      | Killed Sigmund
  2734 | D:6      | Reached skill level 5 in Armour
  2734 | D:6      | Reached skill level 1 in Dodging
  2734 | D:6      | Reached XP level 6. HP: 44/53 MP: 5/5
  2906 | D:6      | Got a blackened scale mail
  2917 | D:6      | Identified the +5 scale mail "Ufoqovic" {+Fly SInv Stlth+}
                  | (You found it on level 6 of the Dungeon)
  2930 | D:5      | Entered Level 5 of the Dungeon
  2930 | D:5      | Noticed Menkaure
  2938 | D:5      | Killed Menkaure
  2938 | D:5      | Reached ** piety under Okawaru
  2938 | D:5      | Reached skill level 5 in Long Blades
  2938 | D:5      | Reached XP level 7. HP: 10/60 MP: 6/6
  3252 | D:5      | Found a staircase to the Ecumenical Temple.
  3385 | D:5      | Reached skill level 6 in Long Blades
  3533 | D:5      | Noticed Grinder
  3549 | D:5      | Killed Grinder
  3549 | D:5      | Reached skill level 1 in Stealth
  3585 | D:5      | Reached XP level 8. HP: 55/67 MP: 7/7
  3848 | D:5      | Reached skill level 7 in Long Blades
  3925 | D:4      | Found a runed translucent door.
  3925 | D:4      | Noticed TheAraber's ghost (amateur TeAE)
  3991 | D:4      | Found a glowing silver altar of Zin.
  4522 | D:4      | Reached *** piety under Okawaru
  4522 | D:4      | Reached skill level 5 in Fighting
  4839 | D:3      | Found a glowing golden altar of the Shining One.
  4871 | D:3      | Found an ornate altar of the Wu Jian Council.
  5121 | D:3      | Reached skill level 8 in Long Blades
  5348 | D:7      | Noticed zuik's ghost (novice MfGl)
  5361 | D:7      | Found a transporter.
  5364 | D:7      | Found a transporter.
  5561 | D:7      | Found an opulent altar of Gozag.
  5680 | D:7      | Reached skill level 9 in Long Blades
  5680 | D:7      | Reached XP level 9. HP: 73/74 MP: 8/8
  5695 | D:7      | Reached **** piety under Okawaru
  5879 | D:8      | Found Muawaduh's Gadget Shop.
  5995 | D:8      | You fall through a shaft!
  6049 | D:9      | Found a blossoming altar of Fedhas.
  6145 | D:9      | Noticed a white ugly thing
  6145 | D:9      | Noticed a yaktaur
  6157 | D:9      | Killed a yaktaur
  6157 | D:9      | Reached skill level 10 in Long Blades
  6170 | D:9      | Mangled by a white ugly thing

Skill      XL: |  1  2  3  4  5  6  7  8  9 |
---------------+----------------------------+-----
Armour         | 4 5 6 7 |  7.3
Fighting       | 4 5 6 |  6.3
Long Blades    | 3 4 5 6 9 10 | 10.2
Shields        | 4 5 6 7 8 9 |  9.5
Dodging        | 1 2 3 4 |  4.3
Stealth        | 1 |  1.2
Invocations    | |  0.2

Action                   |  1- 3 |  4- 6 |  7- 9 || total
-------------------------+-------+-------+-------++-------
Melee: Long sword        |    90 |    62 |   346 ||   498
       Headbutt          |    13 |    13 |    79 ||   105
Invok: Heroism           |       |       |     2 ||     2
  Use: Scroll            |       |     2 |       ||     2
  Eat: Chunk             |     1 |     5 |    11 ||    17
Armor: Scale mail        |    38 |    16 |   110 ||   164
       Plate armour      |       |     5 |       ||     5
Dodge: Dodged            |    32 |    23 |   105 ||   160
Block: Shield            |    61 |    26 |   206 ||   293
       Rpst.: Long sword |     5 |     2 |    38 ||    45
